 Dungeon Crawl Stone Soup version 0.26-a0-474-gfaca0e1de5 (webtiles) character file.

Game seed: 12465612338313375150

5463 Infinimo the Basher (level 10, -8/80 HPs)
             Began as a Demonspawn Fighter on July 31, 2020.
             Was a Believer of Okawaru.
             Mangled by a two-headed ogre
             ... wielding a +0 giant club
              (27 damage)
             ... on level 9 of the Dungeon.
             The game lasted 00:10:22 (11281 turns).

Infinimo the Basher (Demonspawn Fighter)           Turns: 11281, Time: 00:10:23

Health: -8/80      AC: 18    Str: 19    XL:     10   Next: 41%
Magic:  0/1        EV: 10    Int:  9    God:    Okawaru [**....]
Gold:   396        SH: 10    Dex: 14    Spells: 9/9 levels left

rFire    . . .     SeeInvis .   r - +1 morningstar
rCold    . . .     Faith    .   c - +0 kite shield
rNeg     . . .     Spirit   +   g - +1 plate armour
rPois    .         Reflect  .   h - +2 hat
rElec    +         Harm     +   (no cloak)
rCorr    .                      s - +0 pair of gloves
MR       .....                  a - +0 pair of boots "Voollek" {Harm +Blink rElec MP-9 Stlth+}
Stlth    ..........             (no amulet)
HPRegen  0.23/turn              (no ring)
MPRegen  0.14/turn              (no ring)

@: agile
A: powered by pain 2, magic shield, magic regeneration, sturdy frame 1
a: Heroism, Renounce Religion, Evoke Blink


You were on level 9 of the Dungeon.
You worshipped Okawaru.
Okawaru was pleased with you.
You visited 2 branches of the dungeon, and saw 10 of its levels.
You also visited: Sewer.

You collected 643 gold pieces.
You spent 247 gold pieces at shops.

Inventory:

Hand Weapons
 r - a +1 morningstar (weapon)
Armour
 a - the +0 pair of boots "Voollek" (worn) {Harm +Blink rElec MP-9 Stlth+}
   (You bought it in a shop on level 4 of the Dungeon)

   It insulates you from electricity.
   It affects your magic capacity (-9).
   It lets you blink.
   It increases damage dealt and taken.
   It makes you more stealthy.
 c - a +0 kite shield (worn)
 g - a +1 plate armour (worn)
 h - a +2 hat (worn)
 s - a +0 pair of gloves (worn)
Jewellery
 e - a cursed -4 ring of intelligence {unknown}
 y - an uncursed ring of resist corrosion {unknown}
Wands
 i - a wand of acid (4)
Scrolls
 f - 4 scrolls of remove curse
 k - 5 scrolls of teleportation
 n - 5 scrolls of identify
 p - 2 scrolls of enchant armour
 w - a scroll of magic mapping
 x - a scroll of enchant weapon
Potions
 b - a potion of heal wounds
 d - 3 potions of flight
 j - 4 potions of curing
 l - a potion of degeneration
 m - 3 potions of stabbing {unknown}
 o - a potion of haste {unknown}
 q - a potion of ambrosia
 t - a potion of might
 u - 2 potions of berserk rage
 v - a potion of lignification {unknown}


   Skills:
 + Level 7.6 Fighting
 * Level 9.3 Maces & Flails
 + Level 6.9 Armour
 + Level 6.9 Shields


You had 9 spell levels left.
You didn't know any spells.
Your spell library contained the following spells:

 Spells                   Type           Power        Failure   Level
 Corona                   Hex            #......      100%        1
 Foxfire                  Conj/Fire      #...         100%        1
 Freeze                   Ice            #...         100%        1
 Poisonous Vapours        Pois/Air       #.....       100%        2
 Slow                     Hex            #.......     100%        2
 Conjure Flame            Conj/Fire      #.......     100%        3
 Frozen Ramparts          Ice            #.....       100%        3
 Inner Flame              Hex/Fire       #.......     100%        3
 Mephitic Cloud           Conj/Pois/Air  #.......     100%        3
 Ozocubu's Armour         Ice            #.......     100%        3
 Portal Projectile        Hex/Tloc       #.....       100%        3
 Cause Fear               Hex            #.........   100%        4
 Hailstorm                Conj/Ice       #.......     100%        4
 Leda's Liquefaction      Hex/Erth       #.........   100%        4
 Sticky Flame             Conj/Fire      #.......     100%        4
 Summon Ice Beast         Ice/Summ       #.......     100%        4
 Fireball                 Conj/Fire      #.........   100%        5
 Freezing Cloud           Conj/Ice/Air   #.........   100%        6


Dungeon Overview and Level Annotations

Branches:
Dungeon (9/15)             Temple (1/1) D:6           Sewer (visited)
   Lair: D:8-11         Orc: D:9-12

Altars:
Ashenzari
Cheibriados
Dithmenos
Elyvilon
Fedhas
Hepliaklqana
Kikubaaqudgha
Makhleb
Nemelex Xobeh
Okawaru
Qazlal
Ru
Sif Muna
Trog
Uskayaw
Vehumet
Xom
Yredelemnul
Zin
The Shining One

Shops:
D:4 [


Innate Abilities, Weirdness & Mutations

You sometimes gain power by taking damage.
When hurt, damage is shared between your health and your magic reserves.
You regenerate magic rapidly.
Your movements are slightly less encumbered by armour. (ER -2)


Message History

The two-headed ogre is moderately wounded.
You block the two-headed ogre's attack. x2
The two-headed ogre is moderately wounded.
You thump the two-headed ogre!
The two-headed ogre is heavily wounded.
You block the two-headed ogre's attack.
The two-headed ogre hits you with a +0 giant club!
The two-headed ogre is heavily wounded.
You block the two-headed ogre's attack.
The two-headed ogre is heavily wounded.
The two-headed ogre hits you with a +0 giant club!
You focus on the pain.
You feel agile all of a sudden.
The two-headed ogre hits you with a +0 giant club!
* * * LOW HITPOINT WARNING * * *
You are too injured to fight recklessly!
A two-headed ogre is nearby!
The two-headed ogre is heavily wounded.
The two-headed ogre hits you with a +0 giant club!!
You die...

.. .# .# ##### .## .#
#...#####..# .#
#.......##.##
##.######
##.......##..#
#O......#
.............###@.#
+#†...........##..#
..<...........##†.#
.............†....#
.............†.##.#
.).............# ...
_...........(.....###
.......########...=...
.......# .......


You could see a two-headed ogre.

Vanquished Creatures
  Harold (D:8)
  A troll (D:9)
  Grinder (Sewer)
  A hornet (D:9)
  A hippogriff (D:8)
  Sigmund (D:2)
  Menkaure (D:4)
  3 sky beasts
  An orc warrior (D:7)
  3 phantoms
  4 ogres
  3 centaurs
  3 big kobolds
  5 bullfrogs
  A gnoll sergeant (D:4)
  3 howler monkeys (D:8)
  A bullfrog zombie (D:7)
  A centaur zombie (D:5)
  4 jellies
  A centaur skeleton (D:4)
  2 quasits (Sewer)
  7 hounds
  6 orc priests
  7 orc wizards
  3 bullfrog skeletons
  Ijyb (D:3)
  Natasha (thrice) (D:2)
  An iguana (D:4)
  7 worker ants
  A statue (D:7)
  A killer bee zombie (D:7)
  3 big kobold zombies (Sewer)
  A howler monkey zombie (D:6)
  2 worker ant zombies
  17 adders
  7 gnolls
  3 shadow imps
  6 ufetubi
  2 adder skeletons
  A worm (D:2)
  3 dart slugs
  4 leopard geckos
  41 orcs
  8 bats
  6 giant cockroaches
  11 hobgoblins
  14 jackals
  3 ball pythons
  3 frilled lizards
  6 goblins
  27 kobolds
  3 kobold zombies (Sewer)
  A leopard gecko skeleton (D:6)
  A quokka skeleton (D:7)
  6 rats
258 creatures vanquished.

Vanquished Creatures (others)
  An ooze (Sewer)
1 creature vanquished.

Grand Total: 259 creatures vanquished

Notes
Turn   | Place    | Note
-------+----------+-------------------------------------------
     0 | D:1      | Infinimo the Demonspawn Fighter began the quest for the
                  | Orb.
     0 | D:1      | Reached XP level 1. HP: 18/18 MP: 1/1
    56 | D:1      | Reached skill level 2 in Maces & Flails
    72 | D:1      | Gained mutation: Your movements are slightly less
                  | encumbered by armour. (ER -2) [demonic ancestry]
    72 | D:1      | Reached XP level 2. HP: 9/24 MP: 2/2
   544 | D:1      | Gained mutation: You sometimes gain a little power by
                  | taking damage. [demonic ancestry]
   544 | D:1      | Reached XP level 3. HP: 28/29 MP: 3/3
   856 | D:2      | Found a blossoming altar of Fedhas.
  1251 | D:2      | Noticed Natasha
  1256 | D:2      | Killed Natasha
  1256 | D:2      | Reached XP level 4. HP: 31/35 MP: 4/4
  1448 | D:2      | Noticed Sigmund
  1464 | D:2      | Killed Sigmund
  1464 | D:2      | Reached skill level 3 in Maces & Flails
  1464 | D:2      | Reached XP level 5. HP: 29/42 MP: 5/5
  1617 | D:2      | Found a shadowy altar of Dithmenos.
  1930 | D:2      | Reached XP level 6. HP: 10/48 MP: 6/6
  2240 | D:2      | Noticed Natasha
  2252 | D:2      | Killed Natasha
  2317 | D:2      | Noticed Natasha
  2331 | D:2      | Killed Natasha
  2331 | D:2      | Reached skill level 4 in Maces & Flails
  2674 | D:3      | Noticed Ijyb
  2702 | D:3      | Killed Ijyb
  3157 | D:3      | Found a hazy altar of Hepliaklqana.
  3527 | D:4      | Found Qiuforphe's Antique Armour Boutique.
  3537 | D:4      | Found a glowing drain.
  3565 | D:4      | Noticed Menkaure
  3786 | D:4      | Reached XP level 7. HP: 55/55 MP: 7/7
  3843 | D:4      | Reached skill level 5 in Maces & Flails
  3966 | D:4      | Killed Menkaure
  4031 | Sewer    | Entered a sewer
  4418 | Sewer    | Found a burning altar of Makhleb.
  4434 | Sewer    | Noticed Grinder
  4464 | Sewer    | Paralysed by Grinder for 6 turns
  4529 | Sewer    | Killed Grinder
  4529 | Sewer    | Reached skill level 5 in Fighting
  4529 | Sewer    | Gained mutation: When hurt, damage is shared between your
                  | health and your magic reserves. [demonic ancestry]
  4529 | Sewer    | Reached XP level 8. HP: 27/62 MP: 8/8
  5038 | D:3      | Reached skill level 6 in Maces & Flails
  5481 | D:4      | Reached skill level 5 in Armour
  5497 | D:4      | Reached skill level 5 in Shields
  5876 | D:4      | Bought a pair of faintly humming boots for 247 gold pieces
  5886 | D:4      | Identified the cursed +0 pair of boots "Voollek" {Harm
                  | +Blink rElec MP-9 Stlth+} (You bought it in a shop on level
                  | 4 of the Dungeon)
  5905 | D:5      | Entered Level 5 of the Dungeon
  5912 | D:5      | Found a sparkling altar of Nemelex Xobeh.
  5914 | D:5      | Found a burning altar of Makhleb.
  5914 | D:5      | Found a shimmering blue altar of Sif Muna.
  6768 | D:5      | Reached skill level 7 in Maces & Flails
  6853 | D:5      | Gained mutation: You sometimes gain power by taking damage.
                  | [demonic ancestry]
  6853 | D:5      | Reached XP level 9. HP: 41/69 MP: 0/9
  7401 | D:6      | Found a staircase to the Ecumenical Temple.
  7466 | Temple   | Entered the Ecumenical Temple
  7643 | Temple   | Became a worshipper of Warmaster Okawaru
  8090 | D:6      | Found a burning altar of Makhleb.
  8305 | D:6      | Got a brightly glowing whip
  8306 | D:6      | Identified the cursed +1 whip "Anenaxor" {flame, rC++ MP+9
                  | SInv} (You found it on level 6 of the Dungeon)
  8524 | D:7      | Found a bloodstained altar of Trog.
  8929 | D:7      | Reached * piety under Okawaru
  8982 | D:7      | Found a radiant altar of Vehumet.
  9036 | D:7      | Reached skill level 8 in Maces & Flails
  9786 | D:8      | Reached ** piety under Okawaru
 10150 | D:8      | Gained mutation: You regenerate magic rapidly. [demonic
                  | ancestry]
 10150 | D:8      | Reached XP level 10. HP: 59/79 MP: 1/10
 10837 | D:9      | Found a glowing silver altar of Zin.
 10837 | D:9      | Noticed Harold
 10852 | D:8      | Killed Harold
 10852 | D:8      | Reached skill level 9 in Maces & Flails
 11271 | D:9      | Noticed a two-headed ogre
 11281 | D:9      | Mangled by a two-headed ogre

Illustrated notes

Levels and vault maps discovered:
D:1:      minmay_arrival_split_and_join, layout_rooms,
          chequers_serial_rivers_micro_e
D:2:      layout_loops_ring, grunt_dithmenos_smoke, fedhas_ov_isle_minmay,
          minmay_misc_feat_alley, uniq_natasha, uniq_sigmund
D:3:      cheibrodos_old_hovel, layout_basic, lemuel_doored_altar, serial_glass,
          glass_columns_b, glass_columns_a, hangedman_feature_mirror, uniq_ijyb
D:4:      layout_cave_pods, serial_shops, shop, cheibrodos_sewer_entry_drain,
          uniq_menkaure
D:5:      layout_loops_ring, grunt_temple_overflow_open
D:6:      layout_basic, minmay_temple_entry_ruins, grunt_ministairs_10,
          bloody_makhleb
D:7:      layout_loops_corners, vehumet_statue, lightli_temple_of_fire
D:8:      layout_basic
D:9:      layout_basic, old_standard_altar, nicolae_gozag_seed_capital,
          basic_altar, uniq_harold, uniq_prince_ribbit1, uniq_grum
Temple:   hc_temple_tempest_star

Skill      XL: |  1  2  3  4  5  6  7  8  9 10 |
---------------+-------------------------------+-----
Maces & Flails | 2 3 4 5 7 8 9 |  9.3
Armour         | 3 4 5 6 |  6.9
Shields        | 3 4 5 6 |  6.9
Fighting       | 4 5 6 7 |  7.6

Action                   |  1- 3 |  4- 6 |  7- 9 | 10-12 || total
-------------------------+-------+-------+-------+-------++-------
Melee: Flail             |    89 |   228 |   305 |       ||   622
       Morningstar       |       |       |   397 |    99 ||   496
       Whip              |       |       |    13 |       ||    13
  Use: Potion            |       |     4 |     3 |       ||     7
       Scroll            |       |     7 |     6 |       ||    13
 Stab: Distracted        |       |       |     1 |       ||     1
Armor: Scale mail        |    32 |    40 |       |       ||    72
       Plate armour      |       |    75 |   463 |    81 ||   619
Dodge: Dodged            |    26 |    46 |   123 |    19 ||   214
Block: Kite shield       |    43 |   123 |   406 |    76 ||   648

Table legend: (Time is in decaauts)
 A = Elapsed time spent in this place.
 B = Non-inter-level travel time spent in this place.
 C = Inter-level travel time spent in this place.
 D = Time resting spent in this place.
 E = Time spent auto-exploring this place.
 F = Levels seen in this place.
 G = Mean time per level.
                   A        B        C        D        E       F      G
               +--------+--------+--------+--------+--------+-----+--------+
         Total |  11578 |  11111 |    467 |   1012 |   7840 |  11 | 1052.5 |
       Dungeon |  10373 |   9928 |    445 |   1003 |   6974 |   9 | 1152.6 |
        Temple |    211 |    189 |     22 |      0 |    175 |   1 |  211.0 |
         Sewer |    993 |    993 |      0 |      9 |    690 |   1 |  993.0 |
               +--------+--------+--------+--------+--------+-----+--------+

Top non-repeatable levels by time:
     D:2: 1760 daAuts
     D:7: 1662 daAuts
     D:4: 1289 daAuts
     D:5: 1254 daAuts
     D:8: 1237 daAuts
     D:3: 1232 daAuts
     D:6: 1063 daAuts
   Sewer: 993 daAuts
     D:1: 809 daAuts
  Temple: 211 daAuts
     D:9: 64 daAuts
